 Dungeon Crawl Stone Soup version 0.31-a0-435-g2c6fae2916 (webtiles) character file.

Game seed: 17449997400613387824

32 HallandMoats the Trooper (level 3, -1/29 HPs)
             Began as a Demonspawn Fighter on Aug 2, 2023.
             Slain by an adder (3 damage)
             ... on level 2 of the Dungeon.
             The game lasted 00:01:07 (1452 turns).

HallandMoats the Trooper (Demonspawn Fighter)       Turns: 1452, Time: 00:01:08

Health: -1/29      AC:  6    Str: 16    XL:     3   Next: 8%
Magic:  4/4        EV:  8    Int: 11    God:
Gold:   49         SH:  4    Dex: 12    Spells: 2/2 levels left

rFire   . . .        a - +0 war axe
rCold   . . .        c - +0 buckler
rNeg    . . .        b - +0 scale mail
rPois   .            (no helmet)
rElec   .            (no cloak)
rCorr   .            (no gloves)
SInv    .            (no boots)
Will    .....        (no amulet) Stlth
                     (no ring)
HPRegen 0.24/turn    (no ring)
MPRegen 0.09/turn

%: no passive effects
@: lethally poisoned (-1 -> -3), very slow
A: foul stench 1, demonic touch 1
a: no special abilities


You were on level 2 of the Dungeon.
You visited 1 branch of the dungeon, and saw 2 of its levels.

You collected 49 gold pieces.

Inventory:

Hand Weapons
 a - a +0 war axe (weapon)
Armour
 b - a +0 scale mail (worn)
 c - a +0 buckler (worn)
Jewellery
 j - an amulet of faith
Scrolls
 e - a scroll of enchant armour {unknown}
 f - 3 scrolls of teleportation {unknown}
 g - a scroll of noise {unknown}
 i - 2 scrolls of identify {unknown}
 k - 3 scrolls of blinking {unknown}
 m - a scroll of acquirement {unknown}
Potions
 d - a potion of might
 h - a potion of curing {unknown}
 l - a potion of brilliance {unknown}
 n - a potion of resistance {unknown}


   Skills:
 + Level 3.3 Fighting
 + Level 2.2 Axes
 - Level 2.6 Armour
 - Level 2.6 Shields
 * Level 2.5 Invocations


You had 2 spell levels left.
You didn't know any spells.
Your spell library was empty.

Dungeon Overview and Level Annotations

Branches:
Dungeon (2/15)

Altars:


Innate Abilities, Weirdness & Mutations

You may rarely emit foul miasma when damaged in melee.
Your touch may inflict minor irresistible damage on your foes.


Message History

The adder bites you but does no damage. x2
You block the adder's attack. You block the adder's attack.
You block the adder's attack. The adder barely misses you.
The adder bites you but does no damage. The adder misses you.
The adder completely misses you. The adder bites you but does no damage.
The adder barely misses you. The adder bites you but does no damage.
The adder closely misses you. You block the adder's attack.
The adder bites you but does no damage. The adder bites you but does no damage.
The adder closely misses you. You block the adder's attack.
The adder misses you. The adder bites you but does no damage.
The adder bites you.
You are poisoned.
The adder poisons you!
You feel sick. The adder completely misses you.
You feel sick. The adder bites you but does no damage.
You block the adder's attack.
You feel sick. The adder completely misses you.
You feel sick. You block the adder's attack.
You feel sick. The adder misses you. The adder bites you but does no damage.
You feel sick. The adder bites you but does no damage.
You feel sick.
You are no longer poisoned.
The adder barely misses you. The adder closely misses you.
The adder bites you but does no damage. The adder bites you.
* * * LOW HITPOINT WARNING * * *
You are lethally poisoned!
The adder poisons you!
* * * LOW HITPOINT WARNING * * *
You feel sick. The adder bites you but does no damage.
* * * LOW HITPOINT WARNING * * *
You feel sick. You block the adder's attack.
* * * LOW HITPOINT WARNING * * *
You feel sick. The adder bites you.
You die...

. ♣♣.~♣♣ ~.~~ .~~. .~~♣
♣♣~P♣ ♣.~. ♣~S♣♣
.##########♣♣@~♣ .
#.............♣♣.♣♣## ..
..# #........###....##.#.
..#.#####....# ##........
..#.# #.(#.####....##.#
..#.# ###.##.............
..#.###.....#............
###.##..............##...
.........................


You could see an adder.

Vanquished Creatures
  An adder (D:2)
  A dart slug (D:1)
  A ball python (D:2)
  A giant cockroach (D:2)
  2 goblins
  2 hobgoblins (D:1)
  3 jackals (D:1)
  A quokka (D:2)
  5 bats
  2 kobolds (D:1)
  2 rats (D:1)
21 creatures vanquished.

Notes
Turn   | Place    | Note
-------+----------+-------------------------------------------
     0 | D:1      | HallandMoats the Demonspawn Fighter began the quest for the
                  | Orb.
     0 | D:1      | Reached XP level 1. HP: 18/18 MP: 1/1
    40 | D:1      | Reached skill level 1 in Invocations
   153 | D:1      | Gained mutation: Your touch may inflict minor irresistible
                  | damage on your foes. [demonic ancestry]
   153 | D:1      | Reached XP level 2. HP: 23/24 MP: 1/3
   997 | D:2      | Gained mutation: You may rarely emit foul miasma when
                  | damaged in melee. [demonic ancestry]
   997 | D:2      | Reached XP level 3. HP: 13/29 MP: 4/4
  1452 | D:2      | Slain by an adder

Illustrated notes

Levels and vault maps discovered:
D:1:      tarquinn_simple_flora_water_e, layout_basic, minmay_pentomino_u4
D:2:      layout_rooms, serial_shops, shop, kennysheep_doodads,
          serial_bayou_crossing

Skill      XL: |  1  2 |
---------------+-------+-----
Invocations    | 1 2 |  2.5
Axes           | 2 |  2.2
Fighting       | |  3.3
Armour         | |  2.6
Shields        | |  2.6

Action                     || total
---------------------------++-------
  Melee: War axe           ||    63
 Armour: Scale mail        ||    61
  Dodge: Dodged            ||    58
  Block: Buckler           ||    39

Table legend: (Time is in decaauts)
 A = Elapsed time spent in this place.
 B = Non-inter-level travel time spent in this place.
 C = Inter-level travel time spent in this place.
 D = Time resting spent in this place.
 E = Time spent auto-exploring this place.
 F = Levels seen in this place.
 G = Mean time per level.
                   A        B        C        D        E       F      G
               +--------+--------+--------+--------+--------+-----+--------+
         Total |   1479 |   1454 |     25 |    366 |    844 |   2 |  739.5 |
       Dungeon |   1479 |   1454 |     25 |    366 |    844 |   2 |  739.5 |
               +--------+--------+--------+--------+--------+-----+--------+

Top non-repeatable levels by time:
     D:1: 925 daAuts
     D:2: 553 daAuts
